 Dungeon Crawl Stone Soup version 0.20-a0-433-g9e36e56 (webtiles) character file.

15045 kae the Covert (level 11, 0/56 HPs)
             Began as a Spriggan Enchanter on Jan 3, 2017.
             Was an Elder of Dithmenos.
             Slain by Kareekexe's ghost (34 damage)
             ... on level 2 of the Lair of Beasts.
             The game lasted 00:28:40 (17202 turns).

kae the Covert (Spriggan Enchanter)                Turns: 17202, Time: 00:28:41

Health: 0/56       AC:  6    Str:  7    XL:     11   Next: 96%
Magic:  25/25      EV: 18    Int: 18    God:    Dithmenos [****..]
Gold:   346        SH:  0    Dex: 16    Spells: 16/29 levels left

rFire  . . .     SeeInvis +     r - +1 dagger (holy)
rCold  . . .     Gourm    .     b - +1 robe
rNeg   + . .     Faith    .     (shield restricted)
rPois  .         Spirit   .     (helmet restricted)
rElec  .         Reflect  .     (no cloak)
rCorr  .         Harm     .     (gloves unavailable)
MR     +....                    (boots unavailable)
Stlth  +++++++...               (no amulet)
                                w - ring of positive energy
                                x - +3 ring of protection

@: wreathed by umbra, drained, very quick
A: unfitting armour, see invisible, herbivore 3, speed 3, slow metabolism 2
a: Shadow Step, Renounce Religion


You were on level 2 of the Lair of Beasts.
You worshipped Dithmenos.
Dithmenos was greatly pleased with you.
You were very hungry.

You visited 3 branches of the dungeon, and saw 14 of its levels.
You also visited: Sewer.

You collected 803 gold pieces.
You spent 457 gold pieces at shops.

Inventory:

Hand Weapons
 a - a +1 dagger
 r - a +1 dagger of holy wrath (weapon)
 M - a +3 dagger of venom
Armour
 b - a +1 robe (worn)
Jewellery
 f - a cursed -4 ring of intelligence
 l - an uncursed ring of protection from cold
 n - an uncursed ring of protection from fire
 w - a ring of positive energy (right hand)
 x - a +3 ring of protection (left hand)
 I - an uncursed ring of wizardry
 K - an uncursed ring of poison resistance {unknown}
 N - a cursed ring of loudness {unknown}
 O - an uncursed ring of flight {unknown}
 Q - a +2 ring of evasion {unknown}
Wands
 p - a wand of polymorph (11/24)
 G - a wand of iceblast (6/15)
 H - a wand of enslavement (14/24)
 L - a wand of confusion (24/48)
 R - a wand of digging (11/24)
Scrolls
 e - 4 scrolls of identify
 h - 4 scrolls of remove curse
 k - 3 scrolls of amnesia
 m - 8 scrolls of teleportation
 t - 2 scrolls of recharging
 y - a scroll of magic mapping
 D - a scroll of enchant armour
 J - a scroll of enchant weapon
 P - a scroll of immolation {unknown}
 S - a scroll of summoning {unknown}
Potions
 g - a potion of curing
 i - 6 potions of flight
 j - a potion of heal wounds
 o - 2 potions of brilliance
 q - a potion of magic
 s - 2 potions of invisibility
 v - a potion of haste
 z - a potion of cancellation
 B - a potion of agility
 C - a potion of mutation
Books
 c - a book of Maledictions

   Spells                             Type                      Level
   a - Corona                         Hexes                        1
   b - Ensorcelled Hibernation        Hexes/Ice                    2
   c - Confuse                        Hexes                        3
   d - Tukima's Dance                 Hexes                        3
   e - Dazzling Spray                 Conjuration/Hexes            3
 E - a book of Cantrips

   Spells                             Type                      Level
   a - Confusing Touch                Hexes                        1
   b - Animate Skeleton               Necromancy                   1
   c - Summon Small Mammal            Summoning                    1
   d - Apportation                    Translocation                1
 F - a book of Minor Magic

   Spells                             Type                      Level
   a - Magic Dart                     Conjuration                  1
   b - Blink                          Translocation                2
   c - Call Imp                       Summoning                    2
   d - Repel Missiles                 Charms/Air                   2
   e - Slow                           Hexes                        2
   f - Conjure Flame                  Conjuration/Fire             3
   g - Mephitic Cloud                 Conjuration/Poison/Air       3
Comestibles
 d - 7 bread rations
 u - 7 royal jellies
 A - 15 fruits


   Skills:
 + Level 6.1(5.7) Fighting
 * Level 11.7(11.2) Short Blades
 - Level 3.0(2.6) Dodging
 + Level 11.8(11.4) Stealth
 + Level 9.7(9.3) Spellcasting
 + Level 9.9(9.5) Hexes
 + Level 6.2(5.8) Invocations


You had 16 spell levels left.
You knew the following spells:

 Your Spells              Type           Power        Failure   Level  Hunger
a - Corona                Hex            #####..      1%          1    None
b - Ensorcelled Hibernat  Hex/Ice        ####..       1%          2    None
c - Confuse               Hex            #####...     1%          3    None
d - Confusing Touch       Hex            #####.       1%          1    None
e - Tukima's Dance        Hex            #####...     1%          3    None
f - Dazzling Spray        Conj/Hex       ####..       3%          3    None


Dungeon Overview and Level Annotations

Branches:
Dungeon (11/15)            Temple (1/1) D:5            Lair (2/6) D:9
    Orc (0/2) D:11
  Swamp: Lair:2-4    Shoals: Lair:2-4     Snake: Lair:2-4    Spider: Lair:2-4

Altars:
Ashenzari
Cheibriados
Dithmenos
Elyvilon
Fedhas
Gozag
Hepliaklqana
Kikubaaqudgha
Makhleb
Nemelex Xobeh
Okawaru
Qazlal
Ru
Sif Muna
Trog
Uskayaw
Vehumet
Xom
Yredelemnul
Zin
The Shining One

Shops:
D:5 ?**%[   D:10 ?   D:11 (((

Annotations:
Lair:2 Erica; Kareekexe's ghost, journeyman OgBe


Innate Abilities, Weirdness & Mutations

You are very small and have problems with some larger weapons.
You are too small for most types of armour.
You have supernaturally acute eyesight. (SInv)
You are a herbivore.
You cover ground extremely quickly.
You need consume almost no food.


Message History

Unknown command.
Kareekexe's ghost hits you.
* * * LOW HITPOINT WARNING * * *
You partially resist.
You feel drained.
There is a stone staircase leading up here.
You climb upwards.
There is a stone staircase leading down here.
You start resting.
Magic restored.
You start resting.
HP restored.
You climb downwards.
Level annotation: Erica; Kareekexe's ghost, journeyman OgBe Kareekexe's ghost screams in joy, "As in life, so in death: Kill!
Kill!!
Kill!!!"
Kareekexe's ghost hits you!! You partially resist.
You feel drained. Kareekexe's ghost misses you.
There is a stone staircase leading up, spattered with blood here.
Kareekexe's ghost hits you!!
Ouch! That really hurt!
You die...

...#...P.....@
.#............
.##..............
..................
..............?.....
..............[.....#
......รท.....$.......#
.........>..........#
.......W@..........#
..................#
(.................#
#...............#.#
#................##
#.................####
##...............P...#
##..................####
#.#......###..........#.


You could see Kareekexe's ghost.

Vanquished Creatures
  3 two-headed ogres
  2 ugly things
  A centaur zombie (D:11)
  A black mamba (Lair:1)
  2 rime drakes (Lair:1)
  A queen bee (D:9)
  2 trolls
  Grinder (D:4)
  7 blink frogs
  4 hippogriffs
  2 wyverns
  4 yaks (D:11)
  3 wargs (D:9)
  10 water moccasins (Lair:1)
  2 porcupines
  2 black bears
  3 orc warriors
  3 sky beasts
  An ice beast (D:8)
  A phantom (D:7)
  10 ogres
  A necrophage (D:10)
  6 centaurs
  2 crocodiles (Lair:1)
  2 big kobolds
  4 bullfrogs
  A scorpion (D:7)
  2 jellies
  18 killer bees
  A howler monkey (D:11)
  5 electric eels (Lair:1)
  4 crimson imps
  A bullfrog zombie (D:5)
  6 hounds
  4 orc priests
  A gnoll shaman (D:6)
  2 bullfrog skeletons
  3 iguanas
  Jessica (D:4)
  12 orc wizards
  11 worker ants
  A hound zombie (D:8)
  2 worker ant zombies
  A howler monkey zombie (D:11)
  8 gnolls
  A howler monkey skeleton (D:5)
  13 adders
  3 shadow imps
  7 oozes
  An adder skeleton (D:5)
  An adder zombie (D:6)
  5 worms
  A dart slug (D:1)
  10 leopard geckos
  50 orcs
  2 ball pythons (Sewer)
  12 bats
  13 giant cockroaches
  7 goblins
  5 hobgoblins
  19 jackals
  5 quokkas
  6 frilled lizards
  2 giant cockroach zombies (D:6)
  25 kobolds
  3 quokka skeletons
  12 rats
367 creatures vanquished.

Vanquished Creatures (others)
  A plant (Lair:1)
1 creature vanquished.

Grand Total: 368 creatures vanquished

Notes
Turn   | Place    | Note
-------+----------+-------------------------------------------
     0 | D:1      | kae the Spriggan Enchanter began the quest for the Orb.
     0 | D:1      | Reached XP level 1. HP: 9/9 MP: 5/5
    93 | D:1      | Reached XP level 2. HP: 12/13 MP: 6/6
   941 | D:1      | Reached XP level 3. HP: 6/16 MP: 8/8
  1405 | D:1      | Learned a level 2 spell: Ensorcelled Hibernation
  1409 | D:1      | Learned a level 3 spell: Confuse
  1900 | D:2      | Reached XP level 4. HP: 21/21 MP: 10/10
  2164 | D:2      | Reached skill level 5 in Stealth
  3320 | D:4      | Noticed an ogre
  3335 | D:4      | Killed an ogre
  3335 | D:4      | Reached skill level 1 in Fighting
  3335 | D:4      | Reached XP level 5. HP: 25/25 MP: 8/12
  3481 | D:4      | Noticed Grinder
  3755 | D:4      | Reached XP level 6. HP: 30/30 MP: 13/13
  3924 | D:4      | Reached skill level 5 in Hexes
  4274 | D:4      | Killed Grinder
  4274 | D:4      | Reached XP level 7. HP: 34/34 MP: 1/14
  4963 | D:4      | Noticed Jessica
  4971 | D:4      | Found a deep blue altar of Sif Muna.
  5002 | D:4      | Killed Jessica
  5002 | D:4      | Reached skill level 5 in Short Blades
  5141 | D:5      | Entered Level 5 of the Dungeon
  5144 | D:5      | Found Ujurr's Food Boutique.
  5192 | D:5      | Bought a bread ration for 50 gold pieces
  5192 | D:5      | Bought a bread ration for 50 gold pieces
  5213 | D:5      | Reached skill level 5 in Spellcasting
  5355 | D:5      | Found Doec's Antique Armour Shoppe.
  5441 | D:5      | Found Ilemmuk's General Store.
  5453 | D:5      | Found a glowing drain.
  5497 | D:5      | Found a hide-covered altar of Uskayaw.
  5499 | Sewer    | Entered a sewer
  6733 | D:5      | Found a staircase to the Ecumenical Temple.
  6741 | Temple   | Entered the Ecumenical Temple
  6794 | Temple   | Became a worshipper of Dithmenos the Shadowed
  6861 | D:5      | Reached XP level 8. HP: 24/39 MP: 15/17
  7011 | D:5      | Found Zyjas's General Store.
  7016 | D:5      | Bought a scroll of identify for 28 gold pieces
  7059 | D:5      | Found Xuaw Mui's Magic Scroll Shoppe.
  7494 | D:6      | Reached skill level 1 in Invocations
  7834 | D:6      | Found a deep blue altar of Sif Muna.
  8274 | D:6      | Reached * piety under Dithmenos
  8309 | D:6      | Reached XP level 9. HP: 20/44 MP: 8/19
  8590 | D:7      | Found an opulent altar of Gozag.
  9886 | D:8      | Noticed a two-headed ogre
  9893 | D:8      | Killed a two-headed ogre
 10230 | D:8      | Reached XP level 10. HP: 29/49 MP: 2/22
 11121 | D:9      | Noticed a brown ugly thing
 11229 | D:9      | Reached ** piety under Dithmenos
 11703 | D:9      | Found a staircase to the Lair.
 12025 | D:9      | Reached skill level 10 in Stealth
 12257 | D:9      | Noticed a two-headed ogre
 12264 | D:9      | Killed a two-headed ogre
 12272 | D:9      | Killed a brown ugly thing
 12272 | D:9      | Reached skill level 10 in Short Blades
 12526 | D:9      | Reached skill level 5 in Fighting
 12526 | D:9      | Reached skill level 5 in Invocations
 12870 | D:10     | Entered Level 10 of the Dungeon
 13038 | D:10     | Reached *** piety under Dithmenos
 13193 | D:10     | Reached XP level 11. HP: 38/55 MP: 19/24
 13534 | D:10     | Noticed a two-headed ogre
 13545 | D:10     | Killed a two-headed ogre
 14014 | D:10     | Found Yzew's Magic Scroll Shop.
 14022 | D:10     | Bought a scroll of enchant weapon for 105 gold pieces
 14276 | D:11     | Learned a level 1 spell: Confusing Touch
 14280 | D:11     | Learned a level 3 spell: Tukima's Dance
 14284 | D:11     | Learned a level 3 spell: Dazzling Spray
 14384 | D:11     | Found Vofabon's Weapon Shoppe.
 14511 | D:11     | Reached **** piety under Dithmenos
 14590 | D:11     | Found a stormy altar of Qazlal.
 14615 | D:11     | Found a shattered altar of Ashenzari.
 14641 | D:11     | Found Mutism's Antique Weapon Boutique.
 14834 | D:11     | Found Pemarchu's Antique Weapon Emporium.
 14837 | D:11     | Bought a glowing dagger for 224 gold pieces
 14856 | D:11     | Found a staircase to the Orcish Mines.
 15034 | D:11     | Noticed a brown ugly thing
 15127 | D:11     | Killed a brown ugly thing
 15286 | Lair:1   | Entered Level 1 of the Lair of Beasts
 16704 | Lair:2   | Noticed Kareekexe's ghost (journeyman OgBe)
 16705 | Lair:2   | Noticed Erica
 17202 | Lair:2   | Slain by Kareekexe's ghost

Vault maps used:
D:1:      lightli_arrival_statue_moat, minmay_three_crescents
D:3:      serial_curves, eino_curves_03, eino_curves_04
D:4:      tgw_sif, uniq_grinder
D:5:      first_bread, basic_altar, gup_sewer_entry_glass, serial_shops, shop,
          shop, shop, nicolae_shop_behind_doors, shop_fountains
D:6:      basic_altar
D:7:      grunt_gozag_statues
D:9:      erik_lair_orcish_takeover, david_nohive_1
D:10:     serial_shops, shop
D:11:     orc_0_dummy, basic_altar, serial_shops,
          nicolae_shop_overgrown_old_shop, shop, kennysheep_mini,
          ashenzari_altar_1
Temple:   nicolae_temple_the_god_donut
Lair:1:   minmay_guarded_unrand_snakebite, serial_bayou_ford_a,
          nicolae_quartered_pool_little, serial_bayou_shore_a, lemuel_fruit_tree
Lair:2:   serial_bayou_lake_a, uniq_erica, uniq_gastronok, uniq_harold
Sewer:    sewer_fruit_machine

Skill      XL: |  1  2  3  4  5  6  7  8  9 10 11 |
---------------+----------------------------------+-----
Spellcasting   | 3 4 5 6 7 8 9 |  9.7
Short Blades   | 2 3 4 5 7 9 10 11 | 11.7
Hexes          | 4 5 6 7 8 9 |  9.9
Stealth        | 5 6 7 8 9 10 11 | 11.8
Fighting       | 1 2 3 4 5 6 |  6.1
Invocations    | 2 3 5 6 |  6.2
Dodging        | |  3.0

Action                   |  1- 3 |  4- 6 |  7- 9 | 10-12 || total
-------------------------+-------+-------+-------+-------++-------
Melee: Dagger            |   231 |   146 |   572 |   416 ||  1365
 Cast: Ensorcelled Hiber |     3 |    24 |   123 |   166 ||   316
       Corona            |     1 |       |     2 |       ||     3
       Confuse           |       |    11 |    18 |    29 ||    58
       Dazzling Spray    |       |       |       |     3 ||     3
       Tukima's Dance    |       |       |       |     1 ||     1
Invok: Shadow Step       |       |       |       |     2 ||     2
  Use: Potion            |     1 |       |     2 |     4 ||     7
       Scroll            |     5 |     5 |     8 |     6 ||    24
 Stab: Sleeping          |     9 |    21 |    76 |   119 ||   225
       Confused          |       |     3 |     3 |    16 ||    22
       Distracted        |       |       |     2 |     1 ||     3
       Invisible         |       |       |       |     1 ||     1
  Eat: Bread ration      |       |     1 |     1 |       ||     2
       Pizza             |       |       |     1 |     1 ||     2
       Royal jelly       |       |       |     1 |       ||     1
Armor: Robe              |    17 |     9 |    77 |    39 ||   142
Dodge: Dodged            |   193 |   100 |   525 |   308 ||  1126
